 Dungeon Crawl Stone Soup version 0.22-a0-398-g8bb545f (webtiles) character file.

70 George the Twirler (level 4, -6/38 HPs)
             Began as a Gnoll Wanderer on May 5, 2018.
             Mangled by Crazy Yiuf
             ... wielding a +2 quarterstaff of chaos
              (12 damage)
             ... on level 2 of the Dungeon.
             The game lasted 00:04:40 (2536 turns).

George the Twirler (Gnoll Wanderer)                 Turns: 2536, Time: 00:04:41

Health: -6/38      AC:  3    Str: 12    XL:     4   Next: 21%
Magic:  5/5        EV: 11    Int: 16    God:
Gold:   23         SH:  0    Dex: 16    Spells: 5/5 levels left

rFire    . . .     SeeInvis .   j - +1 short sword
rCold    . . .     Gourm    .   a - +1 shield
rNeg     . . .     Faith    .   p - +0 leather armour
rPois    .         Spirit   .   (no helmet)
rElec    .         Reflect  .   (no cloak)
rCorr    .         Harm     .   (no gloves)
MR       .....                  (no boots)
Stlth    +.........             (no amulet)
HPRegen  0.12/turn              (no ring)
MPRegen  0.09/turn              (no ring)

@: confused, lethally poisoned (-6 -> -13)
A: distributed training, fangs 1, strong nose
a: no special abilities


You were on level 2 of the Dungeon.
You were not hungry.

You visited 1 branch of the dungeon, and saw 2 of its levels.

You collected 23 gold pieces.

Inventory:

Hand Weapons
 b - a +0 quarterstaff
 j - a +1 short sword (weapon)
 k - a +0 dagger of holy wrath
Missiles
 g - 15 poisoned needles
Armour
 a - a +1 shield (worn)
 p - a +0 leather armour (worn)
Scrolls
 h - a scroll of enchant armour
 l - 2 scrolls of magic mapping
Potions
 c - 2 potions of curing
 e - 2 potions of haste
 m - a potion of might {unknown}
 o - a potion of magic {unknown}
 q - a potion of degeneration {unknown}
 r - 2 potions of cancellation
Comestibles
 f - a ration


   Skills:
 + Level 4.6 Fighting
 + Level 1.0 Short Blades
 + Level 4.6 Long Blades
 + Level 1.0 Axes
 + Level 1.0 Maces & Flails
 + Level 1.0 Polearms
 + Level 6.6 Staves
 + Level 1.0 Slings
 + Level 1.0 Bows
 + Level 1.0 Crossbows
 + Level 1.0 Throwing
 + Level 1.0 Armour
 + Level 2.7 Dodging
 + Level 1.0 Stealth
 + Level 4.6 Shields
 + Level 1.0 Unarmed Combat
 + Level 1.0 Spellcasting
 + Level 0.8 Conjurations
 + Level 0.8 Hexes
 + Level 0.8 Charms
 + Level 0.8 Summonings
 + Level 0.8 Necromancy
 + Level 0.8 Translocations
 + Level 0.8 Transmutations
 + Level 0.8 Fire Magic
 + Level 0.8 Ice Magic
 + Level 0.8 Air Magic
 + Level 0.8 Earth Magic
 + Level 0.8 Poison Magic
 + Level 1.1 Invocations
 + Level 1.0 Evocations


You had 5 spell levels left.
You didn't know any spells.

Dungeon Overview and Level Annotations

Branches:
Dungeon (2/15)

Altars:

Annotations:
D:2 Crazy Yiuf


Innate Abilities, Weirdness & Mutations

Your experience applies equally to all skills.
You have very sharp teeth.
Your uncanny sense of smell can sniff out nearby items.


Message History

You are poisoned.
You hit Crazy Yiuf but do no damage.
You feel sick.
Crazy Yiuf grits, "Snurf bag arm!"
Crazy Yiuf closely misses you.
You hit Crazy Yiuf.
Crazy Yiuf is lightly wounded.
You feel sick. Crazy Yiuf misses you.
You hit Crazy Yiuf.
Crazy Yiuf is moderately wounded.
You feel sick.
Crazy Yiuf yells, "Blight ragdoll Hive!"
Crazy Yiuf hits you with a quarterstaff of chaos.
* * * LOW HITPOINT WARNING * * *
You are confused.
You closely miss Crazy Yiuf.
Crazy Yiuf is moderately wounded.
* * * LOW HITPOINT WARNING * * *
You feel sick.
Crazy Yiuf hits you with a quarterstaff of chaos!
You die...

# #.##......>..............####
#
###.##.##.##......#.###........
# #...##.##.###....##.#
#.#.####. #.#....#### #########
###.## #. #.......# #).# #.
##.###### ##.# #. #.# ####*
♣♣####.# #. #.# #)..#♣♣
♣♣....#.###. ####.###
#..g@.♣♣♣♣........... #......##
#...#♣..♣......#.####
#(##....### ####*♣♣♣.♣.......#
.<.)......# ♣♣♣♣♣##...#
#.##....### #...# #.###..>#
####### #.#.# #.#.....# #.....#
###<# #.#.#.### ##...## #.#
#.....# ##'## #.#


You could see Crazy Yiuf.

Vanquished Creatures
  An adder (D:2)
  A worm (D:1)
  2 dart slugs
  A leopard gecko (D:1)
  A ball python (D:2)
  2 giant cockroaches
  6 hobgoblins
  8 jackals (D:1)
  2 quokkas (D:2)
  4 bats
  5 frilled lizards
  6 goblins
  6 kobolds
  3 rats
48 creatures vanquished.

Notes
Turn   | Place    | Note
-------+----------+-------------------------------------------
     0 | D:1      | George the Gnoll Wanderer began the quest for the Orb.
     0 | D:1      | George set off with: a +0 shield, a +0 quarterstaff, a potion of curing, a +0 robe, a +0 dagger, a ration
     0 | D:1      | Reached XP level 1. HP: 20/20 MP: 1/1
   353 | D:1      | Reached XP level 2. HP: 4/26 MP: 2/2
   868 | D:1      | Reached XP level 3. HP: 31/31 MP: 3/3
  1516 | D:2      | Reached skill level 1 in Invocations
  1849 | D:2      | Reached skill level 1 in Short Blades
  1849 | D:2      | Reached skill level 1 in Axes
  1849 | D:2      | Reached skill level 1 in Maces & Flails
  1849 | D:2      | Reached skill level 1 in Polearms
  1849 | D:2      | Reached skill level 1 in Slings
  1849 | D:2      | Reached skill level 1 in Bows
  1849 | D:2      | Reached skill level 1 in Crossbows
  1849 | D:2      | Reached skill level 1 in Throwing
  1849 | D:2      | Reached skill level 1 in Armour
  1849 | D:2      | Reached skill level 1 in Stealth
  1849 | D:2      | Reached skill level 1 in Unarmed Combat
  1849 | D:2      | Reached skill level 1 in Spellcasting
  1849 | D:2      | Reached skill level 1 in Evocations
  1874 | D:2      | Reached XP level 4. HP: 25/38 MP: 5/5
  2436 | D:2      | Found a runed door.
  2528 | D:2      | Noticed Crazy Yiuf
  2536 | D:2      | Mangled by Crazy Yiuf

Vault maps used:
D:1:      matt_arrival_debris
D:2:      uniq_crazy_yiuf_cottage

Skill      XL: |  1  2  3 |
---------------+----------+-----
Invocations    | 1 |  1.1
Short Blades   | 1 |  1.0
Axes           | 1 |  1.0
Maces & Flails | 1 |  1.0
Polearms       | 1 |  1.0
Slings         | 1 |  1.0
Bows           | 1 |  1.0
Crossbows      | 1 |  1.0
Throwing       | 1 |  1.0
Armour         | 1 |  1.0
Stealth        | 1 |  1.0
Unarmed Combat | 1 |  1.0
Spellcasting   | 1 |  1.0
Evocations     | 1 |  1.0
Fighting       | |  4.6
Long Blades    | |  4.6
Staves         | |  6.6
Dodging        | |  2.7
Shields        | |  4.6
Conjurations   | |  0.8
Hexes          | |  0.8
Charms         | |  0.8
Summonings     | |  0.8
Necromancy     | |  0.8
Translocations | |  0.8
Transmutations | |  0.8
Fire Magic     | |  0.8
Ice Magic      | |  0.8
Air Magic      | |  0.8
Earth Magic    | |  0.8
Poison Magic   | |  0.8

Action                   |  1- 3 |  4- 6 || total
-------------------------+-------+-------++-------
Melee: Short sword       |   156 |    21 ||   177
       Dagger            |    12 |       ||    12
       Bite              |    27 |     3 ||    30
  Use: Scroll            |       |     6 ||     6
 Stab: Sleeping          |     4 |       ||     4
       Distracted        |     1 |       ||     1
  Eat: Chunk             |     3 |     2 ||     5
Armor: Robe              |     8 |       ||     8
       Leather armour    |    13 |       ||    13
Dodge: Dodged            |    67 |     8 ||    75
Block: Shield            |    77 |     8 ||    85

Table legend:
 A = Spawn XP
 B = Non-spawn XP
 C = Spawn XP percentage of total XP
 D = Spawn monster count
 E = Non-spawn monster count
 F = Spawn count percentage of total count
 G = Total turns spent on level
                    A         B        C        D         E        F      G
               +---------+---------+-------+---------+---------+-------+---------
         Total |       0 |     100 |   0.0 |       0 |      48 |   0.0 |  2536
               +---------+---------+-------+---------+---------+-------+---------
           D:1 |       0 |      49 |   0.0 |       0 |      25 |   0.0 |  1389
           D:2 |       0 |      51 |   0.0 |       0 |      23 |   0.0 |  1147
               +---------+---------+-------+---------+---------+-------+---------
